AoeStats
← CNZS_carlar

Nomad

510564866Analyzed
4v4 RM · 19h ago on Oct 1, 2026· 23m 7s· 8 players
Game mode
Random Map
Map size
231×231
Population
200
Speed
Normal
Resources
Standard
Victory
Conquest
Starting age
Dark Age
Ending age
Imperial Age
RankedLock teamsTeams togetherTeam positionsShared explorationLock speedFull tech treeHidden civsTurbo modeCheats
Victory
Defeat
🇨🇳 Magyars · China
1154
+14
🇨🇳 Huns · China
1115
+16
🇺🇦 Danes · Ukraine
1101
+16
🇹🇼 Romans · Taiwan
1079
+17
🇩🇪 Burgundians · Germany
1143
-18
🇸🇰 Poles · Slovakia
1138
-17
🇵🇹 Dravidians · Portugal
1097
-15
🇦🇷 Malay · Argentina
1043
-13
CNZS_carlar
15:29 Feudal Age
20:23 Castle Age
18:22 Fletching
18:33 Fishing Lines
19:20 Double-Bit Axe
23:22 Gillnets
Panic A-Move
10:15 Loom
13:43 Feudal Age
18:14 Castle Age
16:33 Stone Mining
17:56 Double-Bit Axe
20:16 Gold Mining
TawdryCorn6602
15:02 Feudal Age
15:36 Fishing Lines
15:35 Man-at-Arms
16:34 Forging
16:24 Scale Mail Armor
17:20 Double-Bit Axe
20:09 Horse Collar
23:19 Castle Age
21:12 Stone Mining
Yee
5:34 Loom
15:37 Feudal Age
19:15 Castle Age
17:02 Double-Bit Axe
17:16 Fishing Lines
20:20 Bow Saw
20:54 Horse Collar
Emilio
3:41 Loom
13:42 Feudal Age
14:38 Double-Bit Axe
15:54 Town Watch
18:11 Fletching
24:48 Castle Age
Zé Gui
12:03 Loom
14:24 Feudal Age
15:03 Fishing Lines
16:13 Double-Bit Axe
21:15 Castle Age
20:23 Fletching
20:56 Padded Archer Armor
Archimago del Kirin Tor
17:35 Feudal Age
17:09 Horse Collar
18:07 Double-Bit Axe
20:44 Loom
22:16 Gold Mining
ugurito
5:51 Loom
13:00 Feudal Age
15:10 Double-Bit Axe
17:02 Bow Saw
18:15 Fletching
22:44 Horse Collar
Connection lost

Rejoining the realm…

Still unreachable

The connection could not be restored.

Session expired

The server has moved on; the page needs a fresh start.